 Dungeon Crawl Stone Soup version bcrawl-1.21.2-1-g32d02e0829 (webtiles) character file.

Game seed: 7638824204834852368

13037 Freyura the Basher (level 11, -16/111 HPs)
             Began as a Troll Fighter on Feb 24, 2020.
             Was the Champion of the Shining One.
             Demolished by a manticore (18 damage)
             ... on level 11 of the Dungeon.
             The game lasted 00:32:35 (8304 turns).

Freyura the Basher (Troll Fighter)                  Turns: 8304, Time: 00:32:35

Health: -16/111    AC: 14    Str: 26    XL:     11   Next: 70%
Magic:  16/16      EV: 10    Int:  5    God:    the Shining One [******]
Gold:   490        SH:  0    Dex: 12    Spells: 10/10 levels left

rFire    . . .     SeeInvis .   x - +1 giant club
rCold    . . .     Gourm    +   (shield currently unavailable)
rNeg     + + +     Faith    .   (armour unavailable)
rPois    .         Spirit   .   s - +2 hat
rElec    .         Reflect  .   B - +2 cloak
rCorr    .         Harm     .   (gloves unavailable)
MR       +....                  (boots unavailable)
Stlth    +.........             (no amulet)
HPRegen  0.68/turn              w - ring of protection from magic
MPRegen  0.15/turn              (no ring)

@: barbed spikes, glowing
A: large, almost no armour, unfitting armour, claws 3, fast metabolism 3,
gourmand, regeneration 1, AC +9
a: Divine Shield, Cleansing Flame, Summon Divine Warrior, Brand Weapon With Holy
Wrath, Renounce Religion


You were on level 11 of the Dungeon.
You worshipped the Shining One.
The Shining One was exalted by your worship.
You were completely stuffed.

You visited 2 branches of the dungeon, and saw 12 of its levels.
You also visited: Ossuary.

You collected 884 gold pieces.
You spent 394 gold pieces at shops.

Inventory:

Hand Weapons
 x - a +1 giant club (weapon)
Missiles
 a - 54 large rocks (quivered)
Armour
 j - a +0 large shield
 s - a +2 hat (worn)
 B - a +2 cloak (worn)
Jewellery
 w - a ring of protection from magic (left claw)
Wands
 i - a wand of polymorph (19)
 q - a wand of enslavement (9)
 r - a wand of acid (4)
 y - a wand of paralysis (14)
 E - a wand of iceblast (8)
 F - a wand of flame (20)
Scrolls
 c - 10 scrolls of remove curse
 d - 3 scrolls of identify
 f - 4 scrolls of teleportation
 m - 4 scrolls of enchant weapon
 n - a scroll of amnesia
 p - 3 scrolls of fog
 t - 2 scrolls of blinking
 v - a scroll of acquirement {unknown}
Potions
 b - a potion of ambrosia {unknown}
 g - 9 potions of curing
 h - 3 potions of resistance
 k - 3 potions of lignification
 l - 3 potions of heal wounds
 o - 3 potions of invisibility
 u - 3 potions of degeneration
 z - 2 potions of flight
 A - a potion of brilliance {unknown}
 C - a potion of mutation {unknown}
 D - a potion of cancellation {unknown}
 H - a potion of haste
Comestibles
 e - 37 rations {!d}


   Skills:
 + Level 8.2 Fighting
 * Level 11.4 Maces & Flails
 - Level 2.4 Dodging
 - Level 2.0 Shields
 - Level 8.5 Unarmed Combat
 + Level 8.5 Invocations


You had 10 spell levels left.
You didn't know any spells.
Your spell library contained the following spells:

 Spells                   Type           Power        Failure   Level  Hunger
 Animate Skeleton         Necr           N/A          47%         1    ##.....
 Pain                     Necr           #.....       47%         1    ##.....
 Confuse                  Hex            #.......     85%         3    ####...
 Dazzling Spray           Conj/Hex       #.....       85%         3    ####...
 Regeneration             Chrm/Necr      #.........   85%         3    ####...
 Vampiric Draining        Necr           #.........   85%         3    ####...
 Animate Dead             Necr           N/A          99%         4    #####..
 Petrify                  Tmut/Erth      #.......     99%         4    #####..
 Yara's Violent Unravell  Hex/Tmut       #.........   99%         4    #####..
 Bolt of Draining         Conj/Necr      #.........   100%        5    ######.
 Metabolic Englaciation   Hex/Ice        #.........   100%        5    ######.
 Mana Rupture             Conj/Hex       #.........   100%        7    #######


Dungeon Overview and Level Annotations

Branches:
Dungeon (11/12)            Temple (1/1) D:4            Lair (0/6) D:9
    Orc: D:8-11      Vaults: D:11-12

Altars:
Ashenzari
Cheibriados
Dithmenos
Elyvilon
Fedhas
Gozag
Hepliaklqana
Kikubaaqudgha
Lugonu
Makhleb
Nemelex Xobeh
Okawaru
Qazlal
Ru
Sif Muna
Trog
Uskayaw
Vehumet
Wu Jian
Xom
Yredelemnul
Zin
The Shining One

Shops:
D:6 [   D:7 [   D:8 *   D:10 =

Annotations:
D:9 exclusion: oklob plant


Innate Abilities, Weirdness & Mutations

You cannot wear most types of armour.
Your thick skin is tough. (AC +9)
You are too large for most types of armour.
You have claws for hands.
Your metabolism is lightning-fast.
You like to eat raw meat.
Your natural rate of healing is unusually fast.


Message History

The barbed spikes become lodged in your body.
* * * LOW HITPOINT WARNING * * *
The catoblepas gores you but does no damage.
The catoblepas gores you.
* * * LOW HITPOINT WARNING * * *
The manticore bites you but does no damage.
The manticore claws you but does no damage. x2
You turn to flesh and can move again.
You feel much better.
The catoblepas gores you but does no damage.
The manticore bites you!
* * * LOW HITPOINT WARNING * * *
The manticore claws you but does no damage. x2
All of the chunks of flesh in your inventory have rotted away.
You bludgeon the catoblepas!!
The catoblepas is almost dead.
You hit the manticore but do no damage. The catoblepas gores you!!
* * * LOW HITPOINT WARNING * * *
The manticore bites you!!
You die...

.............##.
................#
.........?......##
.................#
.................#
........>.......#
........H......#
.......@.....#
#......Y....##
#######.>##.## ####...##
#### ##.....##
....####..#....###
...........#......##
..........#........###
##.............#.....#....##


You could see a catoblepas and a manticore.

Vanquished Creatures
  Josephine (D:10)
  A catoblepas (D:11)
  A two-headed ogre (D:8)
  An unseen horror (D:9)
  2 manticores (D:11)
  A centaur zombie (D:9)
  2 centaur skeletons
  A kobold demonologist (D:9)
  3 trolls
  3 slime creatures (D:10)
  A hippogriff (D:7)
  A vampire (D:10)
  3 wraiths (D:10)
  12 yaks
  A hungry ghost (D:7)
  A vampire mosquito (D:6)
  Menkaure (D:5)
  A water moccasin (D:10)
  An ice beast (D:10)
  An orc warrior (D:9)
  A sky beast (D:5)
  2 black bears
  A necrophage (D:7)
  3 ogres
  3 phantoms
  2 centaurs (D:6)
  2 bullfrogs
  2 big kobolds
  2 elf skeletons (D:6)
  A water moccasin zombie (D:7)
  4 scorpions
  11 killer bees
  17 wights
  2 electric eels (D:7)
  5 crimson imps
  A quasit (D:8)
  A bullfrog zombie (D:5)
  An orc priest (D:8)
  2 hounds
  2 human skeletons (D:6)
  7 orc wizards
  An iguana (D:10)
  6 worker ants
  5 big kobold zombies (Ossuary)
  A mummy (Ossuary)
  3 gnolls (D:6)
  15 adders
  3 shadow imps
  2 oozes
  2 adder skeletons
  An adder zombie (D:7)
  A worm (D:3)
  13 dart slugs
  6 leopard geckos
  21 orcs
  A spectral bat (Ossuary)
  5 bats
  3 giant cockroaches
  3 goblins (D:2)
  9 hobgoblins
  9 jackals
  4 quokkas
  2 ball pythons
  4 bat simulacra (Ossuary)
  5 frilled lizards
  7 gnoll zombies (Ossuary)
  4 goblin simulacra (Ossuary)
  6 goblin zombies (Ossuary)
  4 hobgoblin zombies (Ossuary)
  16 kobolds
  3 kobold simulacra (Ossuary)
  6 kobold zombies (Ossuary)
  A leopard gecko skeleton (D:5)
  2 leopard gecko zombies
  2 orc skeletons (D:6)
  2 orc zombies (Ossuary)
  6 rats
  4 rat simulacra (Ossuary)
  2 spectral goblins (Ossuary)
  3 spectral kobolds (Ossuary)
  A spectral rat (Ossuary)
305 creatures vanquished.

Vanquished Creatures (others)
  2 dart slugs (D:7)
2 creatures vanquished.

Grand Total: 307 creatures vanquished

Notes
Turn   | Place    | Note
-------+----------+-------------------------------------------
     0 | D:1      | Freyura the Troll Fighter began the quest for the Orb.
     0 | D:1      | Reached XP level 1. HP: 22/22 MP: 0/0
    89 | D:1      | Reached XP level 2. HP: 28/29 MP: 1/1
   419 | D:1      | Reached XP level 3. HP: 36/36 MP: 2/2
   716 | D:2      | Found a hide-covered altar of Uskayaw.
  1146 | D:2      | Gained mutation: Your natural rate of healing is unusually
                  | fast. [Troll growth]
  1146 | D:2      | Reached XP level 4. HP: 45/45 MP: 3/3
  1233 | D:2      | Found a shattered altar of Ashenzari.
  1236 | D:2      | Found a corrupted altar of Lugonu.
  1711 | D:3      | Reached skill level 1 in Maces & Flails
  1878 | D:3      | Reached XP level 5. HP: 49/53 MP: 4/4
  2028 | D:4      | Noticed a phantom
  2042 | D:4      | Killed a phantom
  2042 | D:4      | Reached skill level 2 in Maces & Flails
  2130 | D:4      | Reached XP level 6. HP: 61/61 MP: 5/5
  2150 | D:4      | Reached skill level 5 in Unarmed Combat
  2556 | D:4      | Found a staircase to the Ecumenical Temple.
  2566 | D:4      | Reached skill level 3 in Maces & Flails
  2570 | Temple   | Entered the Ecumenical Temple
  2575 | Temple   | Became a worshipper of the Shining One
  2644 | D:4      | Reached XP level 7. HP: 68/68 MP: 6/6
  2840 | D:5      | Entered Level 5 of the Dungeon
  2874 | D:5      | Reached skill level 1 in Invocations
  3032 | D:5      | Noticed Menkaure
  3041 | D:5      | Killed Menkaure
  3441 | D:5      | Found a radiant altar of Vehumet.
  3442 | D:5      | Reached * piety under the Shining One
  3452 | D:5      | Reached XP level 8. HP: 69/79 MP: 8/8
  3704 | D:6      | Reached skill level 4 in Maces & Flails
  3755 | D:6      | Found Qavaas's Armour Boutique.
  3758 | D:6      | Bought a +2 hat for 192 gold pieces
  3856 | D:6      | Got a twisted spear
  3957 | D:6      | Found a glowing silver altar of Zin.
  4104 | D:6      | Found a sand-covered staircase.
  4109 | Ossuary  | Entered an ossuary
  4113 | Ossuary  | Reached ** piety under the Shining One
  4162 | Ossuary  | Reached *** piety under the Shining One
  4277 | Ossuary  | Reached **** piety under the Shining One
  4328 | Ossuary  | Reached ***** piety under the Shining One
  4473 | D:6      | Reached skill level 5 in Fighting
  4924 | D:7      | Reached skill level 5 in Maces & Flails
  4924 | D:7      | Reached XP level 9. HP: 78/88 MP: 10/10
  5315 | D:7      | Reached skill level 6 in Maces & Flails
  5412 | D:7      | Found Guhobuic's Antique Armour Emporium.
  5421 | D:7      | Bought a glowing cloak for 202 gold pieces
  5753 | D:8      | Reached skill level 5 in Invocations
  5785 | D:8      | Found Raoph's General Store.
  5827 | D:8      | Found an iron altar of Okawaru.
  5827 | D:8      | Noticed a two-headed ogre
  5835 | D:8      | Killed a two-headed ogre
  5835 | D:8      | Reached skill level 7 in Maces & Flails
  5835 | D:8      | Reached XP level 10. HP: 11/97 MP: 11/13
  6045 | D:8      | Found a sparkling altar of Nemelex Xobeh.
  6326 | D:8      | Found an ornate altar of the Wu Jian Council.
  6469 | D:9      | Reached skill level 8 in Maces & Flails
  6553 | D:9      | Noticed an unseen horror
  6554 | D:9      | Found a staircase to the Lair.
  6564 | D:9      | Killed an unseen horror
  6768 | D:9      | Reached ****** piety under the Shining One
  6774 | D:9      | Reached skill level 9 in Maces & Flails
  7019 | D:9      | Found a blossoming altar of Fedhas.
  7036 | D:9      | Noticed an oklob plant
  7122 | D:10     | Entered Level 10 of the Dungeon
  7286 | D:10     | Found Ciacojusm's Jewellery Shoppe.
  7309 | D:10     | Noticed Josephine
  7315 | D:10     | Killed Josephine
  7315 | D:10     | Reached XP level 11. HP: 79/108 MP: 15/15
  7316 | D:10     | Reached skill level 10 in Maces & Flails
  8021 | D:11     | Reached skill level 11 in Maces & Flails
  8058 | D:11     | Noticed a catoblepas
  8082 | D:11     | Killed a catoblepas
  8286 | D:11     | Noticed a catoblepas
  8304 | D:11     | HP: 2/111 [catoblepas (23)]
  8304 | D:11     | Demolished by a manticore

Skill      XL: |  1  2  3  4  5  6  7  8  9 10 11 |
---------------+----------------------------------+-----
Unarmed Combat | 3 4 5 6 8 |  8.5
Fighting       | 3 4 5 6 7 8 |  8.2
Maces & Flails | 1 2 3 5 7 9 11 | 11.4
Invocations    | 2 3 5 7 8 |  8.5
Dodging        | |  2.4
Shields        | |  2.0

Action                   |  1- 3 |  4- 6 |  7- 9 | 10-12 || total
-------------------------+-------+-------+-------+-------++-------
Melee: Unarmed           |   116 |   149 |   270 |       ||   535
       Giant club        |       |       |    59 |   194 ||   253
  Use: Scroll            |       |     5 |     7 |     8 ||    20
       Potion            |       |       |     2 |     3 ||     5
 Stab: Sleeping          |     2 |     1 |       |       ||     3
  Eat: Chunk             |    13 |     9 |    20 |    23 ||    65
Armor: Skin              |    25 |    32 |   102 |   102 ||   261
Dodge: Dodged            |    35 |    21 |    69 |    88 ||   213
Block: Shield            |    51 |     9 |       |       ||    60
       Large shield      |       |    63 |   145 |       ||   208
